 Dungeon Crawl Stone Soup version 0.31.0-11-ge490571c62 (webtiles) character file.

Game seed: 8202312445176748462

2831560 Sergey the Worldbinder (level 27, 371/378 HPs)
             Began as an Oni Artificer on Jan 31, 2024.
             Was the Champion of Elyvilon.
             Escaped with the Orb
             ... and 5 runes!
             The game lasted 03:06:08 (80762 turns).

Sergey the Worldbinder (Oni Artificer)             Turns: 80762, Time: 03:06:09

Health: 371/378    AC: 30    Str: 24    XL:     27
Magic:  61/61      EV: 19    Int: 41    God:    Elyvilon [******]
Gold:   6061       SH: 14    Dex: 13    Spells: 12/65 levels left

rFire   + + .        w - +1 spear of Blood-Lust {speed, *Noise rPois rC+ Int+9}
rCold   + + .        C - +2 kite shield {rN+}
rNeg    + + .        B - melded +3 troll leather armour
rPois   ∞            h - +3 hat of Pondering {ponderous, Will+ MP+10 Int+5}
rElec   +            P - scarf {rC+ rF+}
rCorr   .            (gloves unavailable)
SInv    .            (boots unavailable)
Will    ++++.        k - amulet "Cuudet" {RegenMP rF+}
Stlth   +            A - ring of Recklessness {rPois Int+5 Dex+6, =R}
HPRegen 0.83/turn    l - ring of Red Wine {Will+ EV+5}
MPRegen 0.77/turn

%: no passive effects
@: statue-form, studying 2 skills, very slow
A: slow and powerful, torment resistance 1, boosted hp, large, unfitting armour,
horns 1, (tough skin 1), double potion healing, drunken brawling, clumsy 1, high
MP 1, sense surroundings 1, screaming 1, persistent drain
0: Orb of Zot
}: 5/15 runes: barnacled, slimy, silver, abyssal, gossamer
a: Begin Untransformation, Renounce Religion, Purification, Heal Other, Heal
Self, Divine Vigour


You escaped.
You worshipped Elyvilon.
Elyvilon was exalted by your worship.
You were a living statue of rough stone.
You visited 10 branches of the dungeon, and saw 52 of its levels.
You visited the Abyss 1 time.
You visited 1 bazaar.

You collected 8301 gold pieces.
You spent 2240 gold pieces at shops.

Inventory:

Hand Weapons
 e - the +11 great sword of the Skies Above {speed, rF++}
   (You took it off a deep elf elementalist on level 3 of the Elven Halls)

   rF++:      It greatly protects you from fire.
 w - the +1 spear of Blood-Lust (weapon) {speed, *Noise rPois rC+ Int+9}
   (You bought it in a shop on level 5 of the Dungeon)

   Int+9:     It affects your intelligence (+9).
   rC+:       It protects you from cold.
   rPois:     It protects you from poison *Noise: It may make a loud noise when
   swung.
Missiles
 o - 7 throwing nets
 Y - 10 curare-tipped darts (quivered)
Armour
 g - +0 swamp dragon scales
 h - the +3 hat of Pondering (worn) {ponderous, Will+ MP+10 Int+5}
   (You found it on level 5 of the Vaults)

   Int+5:     It affects your intelligence (+5).
   Will+:     It increases your willpower.
   MP+10:     It affects your magic capacity (+10).
 t - an orb of light
 y - a +1 robe of positive energy
 B - a +3 troll leather armour (melded)
 C - a +2 kite shield of positive energy (worn)
 G - a +2 cloak of willpower
 P - a scarf of resistance (worn)
Jewellery
 a - an amulet of regeneration
 k - the amulet "Cuudet" (around neck) {RegenMP rF+}
   (You took it off a fire giant on level 3 of the Depths)

   [amulet of magic regeneration]

   RegenMP:   It increases your rate of magic regeneration.
   rF+:       It protects you from fire.
 l - the ring of Red Wine (right fist) {Will+ EV+5}
   (You found it on level 5 of the Vaults)

   [ring of evasion]

   EV+5:      It affects your evasion (+5).
   Will+:     It increases your willpower.
 p - a ring of protection from fire
 A - the ring of Recklessness (left fist) {rPois Int+5 Dex+6, =R}
   (You found it on level 13 of the Dungeon)

   [ring of dexterity]

   Int+5:     It affects your intelligence (+5).
   Dex+6:     It affects your dexterity (+6).
   rPois:     It protects you from poison
 F - the ring "Xoamotue" {rPois rN+ EV+5 Str-2 Int+3}
   (You took it off a deep elf elementalist on level 3 of the Elven Halls)

   [ring of evasion]

   EV+5:      It affects your evasion (+5).
   Str-2:     It affects your strength (-2).
   Int+3:     It affects your intelligence (+3).
   rPois:     It protects you from poison rN+: It protects you from negative
   energy.
 O - the ring "Gerugiru" {Str+3 Dex+6}
   (You took it off a vault guard on level 5 of the Vaults)

   [ring of dexterity]

   Str+3:     It affects your strength (+3).
   Dex+6:     It affects your dexterity (+6).
Talismans
 n - a granite talisman (active)
Wands
 c - a wand of light (8)
 d - a wand of charming (2)
 i - a wand of roots (31)
 v - a wand of digging (13)
 Z - a wand of paralysis (43)
Scrolls
 b - 3 scrolls of blinking {@r4}
 u - 4 scrolls of fog {@r2}
 I - 17 scrolls of teleportation {@r3}
 K - 3 scrolls of poison
 L - 6 scrolls of fear
 M - 3 scrolls of butterflies
 S - 5 scrolls of immolation
 W - 3 scrolls of silence {!r}
 X - 5 scrolls of vulnerability {!r}
Potions
 f - 4 potions of invisibility
 j - 7 potions of lignification
 m - 4 potions of heal wounds {@q1}
 r - 7 potions of enlightenment
 s - a potion of resistance
 x - 8 potions of brilliance
 D - 4 potions of magic
 E - 17 potions of curing {@q2}
 J - 6 potions of cancellation
 N - 5 potions of haste {@q5}
 Q - 7 potions of might {@q3}
 T - 9 potions of mutation
 U - 6 potions of ambrosia
Miscellaneous
 z - a phial of floods
 H - a phantom mirror
 R - a lightning rod (4/4)
 V - a condenser vane


   Skills:
 - Level 20.0 Fighting
 - Level 8.0 Polearms
 - Level 4.0 Ranged Weapons
 + Level 11.8 Dodging
 - Level 2.0 Stealth
 - Level 12.0 Shields
 + Level 19.9 Spellcasting
 - Level 8.0 Conjurations
 - Level 25.0 Summonings
 - Level 7.0 Translocations
 - Level 6.0 Ice Magic
 - Level 8.0 Earth Magic
 - Level 12.0 Invocations
 - Level 6.9 Evocations
 - Level 16.0 Shapeshifting


You had 12 spell levels left.
You knew the following spells:

 Your Spells              Type           Power      Damage    Failure   Level
a - Summon Hydra          Summ           64%        N/A       1%          7
b - Ozocubu's Armour      Ice            74%        N/A       1%          3
c - Dragon's Call         Summ           64%        N/A       3%          9
e - Blink                 Tloc           100%       N/A       1%          2
f - Summon Forest         Summ/Tloc      53%        N/A       1%          5
g - Summon Cactus Giant   Summ           64%        N/A       0%          6
l - Passage of Golubria   Tloc           78%        N/A       1%          4
r - Summon Lightning Spi  Summ/Air       97%        N/A       1%          4
s - Spellforged Servitor  Conj/Summ      54%        N/A       1%          7
z - Bombard               Conj/Erth      41%        9d7       5%          6

Your spell library contained the following spells:

 Spells                   Type           Power      Damage    Failure   Level
 Summon Small Mammal      Summ           100%       N/A       0%          1
 Call Imp                 Summ           100%       N/A       0%          2
 Call Canine Familiar     Summ           100%       N/A       0%          3
 Summon Ice Beast         Ice/Summ       100%       N/A       0%          3
 Apportation              Tloc           100%       N/A       1%          1
 Freeze                   Ice            100%       1d10      1%          1
 Magic Dart               Conj           100%       1d8       1%          1
 Necrotise                Necr           100%       1d9       1%          1
 Sandblast                Erth           100%       2d20      1%          1
 Slow                     Hex            100%       N/A       1%          1
 Sting                    Conj/Alch      100%       1d9       1%          1
 Ensorcelled Hibernation  Hex/Ice        100%       N/A       1%          2
 Jinxbite                 Hex            80%        N/A       1%          2
 Momentum Strike          Conj/Tloc      100%       3d10      1%          2
 Scorch                   Fire           80%        2d8       1%          2
 Static Discharge         Conj/Air       100%       3-8/arc   1%          2
 Dazzling Flash           Conj/Hex       100%       N/A       1%          3
 Frozen Ramparts          Ice            100%       1d16      1%          3
 Gell's Gravitas          Tloc           78%        N/A       1%          3
 Hailstorm                Conj/Ice       78%        3d13      1%          3
 Mephitic Cloud           Conj/Alch/Air  58%        N/A       1%          3
 Teleport Other           Tloc           78%        N/A       1%          3
 Volatile Blastmotes      Fire/Tloc      100%       2d18      1%          3
 Fulminant Prism          Conj/Alch      32%        3d16      1%          4
 Iskenderun's Mystic Bla  Conj/Tloc      80%        2d16      1%          4
 Leda's Liquefaction      Alch/Erth      32%        N/A       1%          4
 Manifold Assault         Tloc           78%        N/A       1%          4
 Petrify                  Alch/Erth      65%        N/A       1%          4
 Summon Blazeheart Golem  Fire/Summ      97%        N/A       1%          4
 Iskenderun's Battlesphe  Conj           82%        2d13      1%          5
 Lee's Rapid Deconstruct  Erth           41%        3d20*     1%          5
 Summon Mana Viper        Hex/Summ       97%        N/A       1%          5
 Dimensional Bullseye     Hex/Tloc       31%        N/A       2%          4
 Fugue of the Fallen      Necr           40%        N/A       3%          3
 Inner Flame              Hex/Fire       40%        N/A       3%          3
 Sigil of Binding         Hex            40%        N/A       3%          3
 Tukima's Dance           Hex            40%        N/A       3%          3
 Irradiate                Conj/Alch      32%        3d22      5%          5
 Metabolic Englaciation   Hex/Ice        30%        N/A       8%          5
 Dispersal                Tloc           39%        N/A       9%          6
 Airstrike                Air            20%        2d(3-19)  10%         4
 Anguish                  Hex/Necr       20%        N/A       10%         4
 Cause Fear               Hex            20%        N/A       10%         4
 Ignite Poison            Fire/Alch      40%        N/A       10%         4
 Olgreb's Toxic Radiance  Alch           40%        N/A       10%         4
 Sticky Flame             Fire/Alch      40%        2d8       10%         4
 Curse of Agony           Necr           40%        N/A       26%         5
 Silence                  Hex/Air        20%        N/A       26%         5
 Yara's Violent Unravell  Hex/Alch       20%        3d9       26%         5
 Sculpt Simulacrum        Ice/Alch       30%        N/A       41%         6
 Ozocubu's Refrigeration  Ice            37%        4d15      56%         7
 Eringya's Noxious Bog    Alch           20%        4d6       83%         6
 Enfeeble                 Hex            20%        N/A       100%        7
 Discord                  Hex            20%        N/A       100%        8
 Ignition                 Fire           20%        3d7       100%        8
 Sublimation of Blood     Necr           Unusable   N/A       N/A         2

Dungeon Overview and Level Annotations

Branches:
Dungeon (15/15)            Temple (0/1) D:6            Lair (5/5) D:10
 Shoals (4/4) Lair:3       Spider (4/4) Lair:2        Slime (5/5) Lair:4
    Orc (2/2) D:11            Elf (3/3) Orc:2        Vaults (5/5) D:13
  Crypt (0/3) Vaults:3     Depths (4/4) D:15            Zot (5/5) Depths:4

Altars:
Cheibriados
Elyvilon
Gozag
Hepliaklqana
Okawaru
Ru
Sif Muna
Trog
Uskayaw
Xom
Yredelemnul
Zin

Shops:
D:2 =   D:5 (   D:7 :   D:15 (   Orc:2 (*?[(   Elf:3 (   Vaults:2 ?(*(

Portals:
Hell: Depths:1 Depths:2 Depths:3 Depths:4
Abyss: Depths:1 Depths:3
Pandemonium: Depths:2
Ziggurat: Depths:1

Annotations:
D:4 exclusion: 2 downstairs
D:6 3 runed translucent doors, 7tar4e's ghost, novice DjFE
D:8 exclusion: 2 downstairs
D:13 3 runed translucent doors, Vext's ghost, journeyman SpEn
Shoals:1 exclusion: downstairs
Shoals:2 exclusion: downstairs
Spider:3 exclusion: 3 downstairs
Elf:2 3 runed translucent doors, exclusion: downstairs
Elf:3 exclusion: upstairs
Vaults:3 exclusion: downstairs
Depths:1 2 runed translucent doors, exclusion: 2 downstairs, Amikeex's ghost, adept TrMo
Depths:2 exclusion: 3 doors


Innate Abilities, Weirdness & Mutations

You are a living statue of rough stone.
Your actions are slow, but your melee attacks are powerful.
You are resistant to unholy torment.
Your maximum health is greatly increased.
Your equipment is partially melded.
You are too large for most types of armour.
You are immune to poison.
You have a pair of small horns on your head.
((You have tough skin. (AC +1)))
You gain doubled healing and magic from potions.
Whenever you drink a healing potion, you attack all around you.
You are clumsy. (Dex -2)
You have an increased reservoir of magic. (+10% MP)
You passively map a small area around you.
You occasionally shout uncontrollably at your foes.
Your health recovers twice as slowly from being drained.


Message History

Your spellforged servitor partially resists.
The cacodemon gestures at you.
Strange energies course through your body.
You feel the urge to shout.
Your nine-headed hydra bites the green death. x3
Your nine-headed hydra bites the green death but does no damage.
Your nine-headed hydra completely misses the green death.
Your nine-headed hydra bites the green death!
Your nine-headed hydra closely misses the green death.
Your nine-headed hydra bites the green death!!
Your nine-headed hydra bites the green death.
The green death gestures at your nine-headed hydra.
The bolt of poison hits your nine-headed hydra!
Your spellforged servitor gestures at the green death while chanting.
The iron shot hits the green death!!!
The green death dies!
Casting: Bombard (mildly dangerous; 5% risk of failure)
Confirm with . or Enter, or press ? or * to list all spells.
Aiming: Bombard (mildly dangerous; 5% risk of failure)
Press: ? - help, Shift-Dir - straight line, f/p - cacodemon
Aim: a cacodemon (heavily wounded, ally target, 76% to hit)
The iron shot hits the cacodemon!!
The cacodemon is severely wounded.
Your nine-headed hydra disappears in a puff of smoke!
The cacodemon gestures at you. The bolt of devastation hits you!!
Your willpower is stripped away!
Your spellforged servitor gestures at the cacodemon while chanting.
The iron shot hits the cacodemon!!!
The cacodemon dies!
Your spellforged servitor is knocked back by the blast.
You feel your willpower return.
There is a staircase leading out of the dungeon here.
Unknown command.
Press: ? - help, v - describe, . - travel A staircase leading out of the dungeon.
This square is covered in magical glow.
Unknown command.
Magic restored.
Your spellforged servitor disappears in a puff of smoke!
You have escaped!

....###.#########....####.# #..
##..# #.#.#...#.###.##..#.# #..
##..# #.#...#.#...#..#.##.# #..
....# #.#####.###.##.#..#.# #..
###.# #..#....#....#.##.#.# #..
###.# #....##.#..#......#.# ##.
..#.# #..###..#..########.# #.
#.#.###.##...###.#...#..#.# ##
........##†#....8....#.##.#######
#.#.###.#..#...#§###...##.##.....
..#.###.########..#..###..##.....
........#......#..#.##....##.....
###.#####.##9#....#....#..##.....
# #.#.# #..#.##.###.#####.##.....
###.#.####.#..#...#.#...#.##.....
........#..##.###.#.[.#.#..#.....
.##.#.######...##########..#.....


There were no monsters in sight!

Vanquished Creatures
  A pandemonium lord (Depths:4)
  An Ice Fiend (Depths:2)
  A lich (Abyss:3)
  3 Orb Guardians
  An acid blob (Slime:4)
  Kirke (Lair:3)
  2 tengu reavers
  A fire giant (Depths:1)
  A vault warden (Vaults:4)
  A ghost moth (Spider:4)
  2 very ugly things (Vaults:5)
  An ironbound thunderhulk (Vaults:4)
  A deep elf demonologist (Abyss:3)
  A dire elephant (Vaults:3)
  An eidolon (Depths:4)
  An ettin (Depths:3)
  2 merfolk javelineers
  A deep elf high priest (Vaults:2)
  2 fire dragons
  3 vault guards
  A centaur warrior (Vaults:2)
  5 two-headed ogres
  2 merfolk avatars
  A deep troll shaman (Depths:1)
  4 death yaks
  2 tengu warriors
  A vampire mage (Depths:2)
  An orc high priest (Orc:1)
  2 deep troll earth magi
  2 deep elf knights (Elf:2)
  A sun demon (D:15)
  2 pharaoh ants
  A shadow wraith (Vaults:2)
  3 deep trolls
  An iron troll (Depths:1)
  3 sea snakes (Shoals:4)
  An arcanist (Vaults:2)
  An ironbound convoker (D:13)
  Pikel (D:6)
  A deep elf archer (Elf:3)
  A steelbarb worm (Spider:4)
  A harpy (Lair:5)
  A deep elf zephyrmancer (Elf:2)
  2 wolf spiders
  2 fauns
  An orc sorcerer (Orc:2)
  3 manticores
  A moth of wrath (Zot:1)
  An elephant (shapeshifter) (Vaults:5)
  2 ugly things
  2 elephants
  A black mamba (Lair:5)
  Maggie (Lair:2)
  2 water nymphs (Shoals:4)
  A smoke demon (D:12)
  A torpor snail (Lair:5)
  3 nameless horrors
  16 cane toads
  An unseen horror (D:11)
  5 komodo dragons
  4 kobold demonologists
  7 rime drakes
  4 trolls
  3 tarantellas
  A merfolk (Shoals:4)
  A polar bear (Lair:5)
  A wind drake (Shoals:2)
  A snapping turtle (Shoals:1)
  16 blink frogs
  2 jumping spiders (Spider:1)
  2 slime creatures (Slime:5)
  A shadow (D:9)
  2 culicivoras
  44 yaks
  2 water elementals
  A wraith (D:14)
  A wyvern (Lair:5)
  5 starcursed masses (Abyss:3)
  5 hogs (Lair:3)
  8 redbacks
  2 basilisks
  2 steam dragons
  2 vampire mosquitoes
  A warg (Orc:2)
  A chaos spawn (D:12)
  15 water moccasins
  A sky beast (D:7)
  11 orc warriors
  2 black bears
  An ogre (D:5)
  A crocodile (Lair:4)
  6 wolves (Lair:4)
  4 centaurs
  A lemure (D:6)
  3 kobold brigands
  10 bullfrogs
  3 scorpions
  2 gnoll sergeants
  15 wights
  23 killer bees
  3 electric eels
  2 howler monkeys
  A jelly (D:4)
  11 hounds
  2 bombardier beetles
  2 gnoll boudas
  7 orc priests
  3 iguanas
  14 orc wizards
  14 gnolls
  8 adders
  2 white imps
  A dart slug (D:2)
  3 ribbon worms
  38 orcs
  A bat (D:1)
  7 endoplasms
  2 giant cockroaches
  6 goblins
  4 hobgoblins (D:1)
  3 jackals (D:1)
  8 kobolds
  3 quokkas
  6 ball pythons
  A frilled lizard (D:1)
  4 rats
  2 tentacles (Shoals:4)
487 creatures vanquished.

Vanquished Creatures (collateral kills)
  the Royal Jelly (Slime:5)
  An ancient lich (Zot:5)
  A dread lich (Vaults:5)
  An orb of fire (Zot:5)
  A juggernaut (Depths:3)
  Sojobo (Depths:3)
  A curse toe (Zot:5)
  7 golden dragons
  2 bone dragons
  An electric golem (Zot:5)
  A Tzitzimitl (Depths:4)
  A Hell Sentinel (Depths:4)
  10 Orb Guardians
  9 liches
  A walking crystal tome (Depths:3)
  9 tentacled monstrosities
  An Ice Fiend (Depths:4)
  2 titans (Vaults:5)
  2 deep elf blademasters (Elf:3)
  2 deep elf master archers (Elf:3)
  A walking divine tome (Depths:3)
  2 quicksilver dragons
  9 sphinxes
  2 krakens
  Polyphemus (Shoals:3)
  10 acid blobs
  5 death cobs
  An Executioner (Depths:4)
  Agnes (Elf:1)
  4 shadow dragons (Vaults:5)
  7 tengu reavers
  Aizul (Vaults:1)
  Roxanne (Shoals:2)
  5 storm dragons
  Ilsuiw (Shoals:2)
  3 draconian knights
  2 protean progenitors
  A demonspawn warmonger (Zot:2)
  9 fire giants
  5 frost giants
  2 iron dragons (Depths:3)
  6 azure jellies
  A draconian monk (Zot:2)
  11 rockslimes
  7 deep elf sorcerers
  5 emperor scorpions
  A draconian shifter (Zot:1)
  3 orc warlords
  2 balrugs
  14 vault wardens
  The ghost of Amaterasu the Severer, an adept GrIE of Cheibriados (Shoals:1)
  5 deep elf elementalists (Elf:3)
  2 draconian scorchers
  19 ironbound preservers
  6 ghost moths
  Louise (Shoals:2)
  A draconian stormcaller (Depths:4)
  13 stone giants
  22 very ugly things
  A draconian annihilator (Zot:1)
  2 cacodemons
  10 ironbound thunderhulks
  4 black draconians
  10 quicksilver oozes
  7 formless jellyfish
  5 deep elf demonologists
  4 vampire knights
  A demonspawn black sun (Zot:2)
  11 dire elephants
  A lorocyproca (D:5)
  9 deep elf death magi
  6 red draconians
  2 purple draconians
  3 green draconians
  8 deep elf annihilators
  6 white draconians
  4 yellow draconians
  A spark wasp (shapeshifter) (Vaults:5)
  4 war gargoyles
  5 spark wasps
  4 crystal guardians (Depths:2)
  A mummy priest (Depths:3)
  Josephine (D:14)
  7 merfolk impalers
  2 merfolk javelineers
  2 green deaths
  9 fire dragons
  An entropy weaver (shapeshifter) (Elf:3)
  7 ettins
  10 yaktaur captains
  9 great orbs of eyes
  10 deep elf high priests
  6 entropy weavers
  46 vault guards
  Fannar (D:10)
  2 hell beasts
  Harold (D:11)
  3 rakshasas
  A catoblepas (Shoals:3)
  A hydra (D:14)
  2 alligator snapping turtles
  4 ogre magi
  6 ice dragons
  5 jorogumos
  4 spriggan air magi
  A merfolk avatar (Shoals:3)
  An alligator (shapeshifter) (Vaults:5)
  8 ironbound frosthearts
  A merfolk aquamancer (Shoals:4)
  Erica (D:11)
  19 centaur warriors
  2 radroaches
  4 two-headed ogres
  2 satyrs
  6 death yaks
  3 boulder beetles
  7 death scarabs (Spider:4)
  A hell hog (Depths:4)
  4 tengu warriors
  A deep troll shaman (Depths:1)
  14 dancing weapons
  5 spriggan berserkers
  6 demonic crawlers
  3 thrashing horrors (Abyss:3)
  5 orc high priests
  2 deep troll earth magi (Depths:3)
  3 vampire magi
  A soul eater (Zot:2)
  11 hell knights
  3 occultists (Depths:1)
  3 spriggans
  7 sun demons
  15 deep elf knights
  2 skysharks
  5 sixfirhies
  8 skeletal warriors
  5 iron trolls
  7 pharaoh ants
  3 wretched stars (Abyss:3)
  14 arcanists
  A quicksilver dragon simulacrum (Depths:4)
  5 orb spiders
  8 sea snakes
  4 large abominations
  2 mana vipers (shapeshifter)
  A mana viper (Abyss:3)
  2 glowing orange brains
  4 shadow demons
  5 steelbarb worms
  A snapping turtle (shapeshifter) (Depths:3)
  20 deep trolls
  2 flayed ghosts
  3 sun moths
  38 deep elf zephyrmancers
  A bunyip skeleton (Abyss:3)
  5 orc knights
  13 harpies
  5 phantasmal warriors
  3 lindwurms (Vaults:1)
  2 spectral jorogumos (Spider:4)
  10 deep elf archers
  An orb spider (shapeshifter) (Vaults:5)
  19 ironbound convokers
  An orc sorcerer (Orc:2)
  44 ugly things
  34 deep elf pyromancers
  5 cyclopes
  7 fauns
  7 manticores
  4 shining eyes
  12 moths of wrath
  18 wolf spiders
  13 merfolk sirens
  17 vault sentinels
  A water nymph (Shoals:4)
  2 orange demons (D:5)
  7 kobold blastminers
  A torpor snail (Spider:3)
  2 cane toads (Lair:5)
  2 eyes of devastation (Slime:4)
  8 smoke demons
  An unseen horror (D:12)
  A hellion (Zot:1)
  4 spectral redbacks (Spider:4)
  2 torpor snails (shapeshifter) (Vaults:5)
  22 yaktaurs
  4 kobold demonologists
  3 efreet
  3 redback zombies (Spider:4)
  3 komodo dragons (Lair:5)
  6 freezing wraiths
  A yaktaur (shapeshifter) (Depths:4)
  Psyche (D:11)
  2 tengu conjurers (Depths:4)
  A troll (shapeshifter) (D:14)
  11 trolls
  3 polar bears (Lair:5)
  A queen bee (D:9)
  9 wind drakes
  A spectral jumping spider (Spider:4)
  16 tarantellas
  5 hornets
  A culicivora zombie (Spider:4)
  29 merfolk
  3 spectral tarantellas (Spider:4)
  A raiju (shapeshifter) (Abyss:3)
  8 raiju (Abyss:3)
  8 snapping turtles
  8 dream sheep (Shoals:4)
  A harpy skeleton (Abyss:3)
  A jumping spider zombie (Spider:4)
  4 glass eyes
  2 air elementals (Elf:2)
  60 slime creatures
  7 water elementals
  26 jumping spiders
  A shadow (D:13)
  3 vampires (Vaults:3)
  21 culicivoras
  A wyvern (Lair:5)
  3 wraiths (D:14)
  7 fire bats (Abyss:3)
  2 fire elementals (Elf:1)
  A human (D:13)
  6 wargs
  A basilisk (D:14)
  8 yaks (Lair:5)
  13 golden eyes
  6 vampire mosquitoes
  44 redbacks
  A neqoxec (Abyss:3)
  4 chaos spawn (Abyss:3)
  2 acid dragons (D:12)
  2 laughing skulls (D:14)
  2 small abominations (Abyss:3)
  35 orc warriors
  2 centaurs (D:15)
  7 ogres
  4 boggarts
  17 starcursed masses (Abyss:3)
  8 nameless horrors
  2 kobold brigands (D:13)
  2 earth elementals (Elf:2)
  A gnoll sergeant (D:12)
  A wight (D:5)
  6 killer bees (D:9)
  33 orc priests
  An iron imp (Abyss:3)
  Crazy Yiuf (D:5)
  24 orc wizards
  A white imp (Abyss:3)
  6 ufetubi (Abyss:3)
  63 orcs
  3 kobolds
  2 aspiring fleshes
  A lurking horror (Abyss:3)
  A snaplasher vine (Slime:4)
  6 tentacles
1634 creatures vanquished.

Vanquished Creatures (others)
  4 liches (Abyss:3)
  A deep elf elementalist (Elf:3)
  A frost giant (Depths:3)
  A deep elf demonologist (Abyss:3)
  2 spark wasps (Abyss:3)
  An ice dragon (Abyss:3)
  A deep elf knight (Elf:1)
  A pharaoh ant (Spider:4)
  A large abomination (Abyss:3)
  A sun moth (Spider:2)
  A wolf spider (Spider:3)
  A cyclops (D:13)
  A torpor snail (Spider:1)
  A cane toad (Lair:3)
  A hornet (D:9)
  A tarantella (Spider:4)
  2 culicivoras
  A human (Lair:3)
  3 fire bats (Abyss:3)
  5 chaos spawn (Abyss:3)
  An acid dragon (D:9)
  A centaur (D:9)
  A boggart (Vaults:2)
  An orc wizard (D:4)
  2 jackals (D:1)
  A lurking horror (Abyss:3)
  79 snaplasher vines
  13 tentacles
130 creatures vanquished.

Grand Total: 2251 creatures vanquished

Notes
Turn   | Place    | Note
-------+----------+-------------------------------------------
     0 | D:1      | Sergey the Oni Artificer began the quest for the Orb.
     0 | D:1      | Reached XP level 1. HP: 19/19 MP: 1/1
   234 | D:1      | Reached XP level 2. HP: 20/29 MP: 2/2
  1153 | D:2      | Reached XP level 3. HP: 39/39 MP: 3/3
  1158 | D:2      | Found Tubbo's Jewellery Shoppe.
  1948 | D:3      | Identified a scroll of acquirement
  1949 | D:3      | Acquired the ring "Locaonaucu" {rPois rC+ rN+}
  2019 | D:3      | Reached skill level 1 in Stealth
  2019 | D:3      | Reached XP level 4. HP: 48/48 MP: 4/4
  2149 | D:3      | Found a snail-covered altar of Cheibriados.
  2336 | D:3      | Reached skill level 1 in Ice Magic
  2336 | D:3      | Reached XP level 5. HP: 29/54 MP: 5/5
  2517 | D:3      | Learned a level 3 spell: Frozen Ramparts
  2713 | D:4      | Reached XP level 6. HP: 34/62 MP: 3/6
  3358 | D:4      | Identified the +5 sling of Ravage {speed, rCorr}
  3508 | D:4      | Found a faded altar of an unknown god.
  3508 | D:4      | Found a hazy altar of Hepliaklqana.
  3567 | D:4      | Found a faded altar of an unknown god.
  3898 | D:5      | Entered Level 5 of the Dungeon
  4035 | D:5      | Found a shimmering altar of Xom.
  4038 | D:5      | Found an iron altar of Okawaru.
  4040 | D:5      | Found a white marble altar of Elyvilon.
  4040 | D:5      | Found a hide-covered altar of Uskayaw.
  4051 | D:5      | Became a worshipper of Elyvilon the Healer
  4088 | D:5      | Reached XP level 7. HP: 62/70 MP: 7/7
  4272 | D:5      | Reached skill level 5 in Ice Magic
  4272 | D:5      | Reached skill level 1 in Spellcasting
  4527 | D:5      | Found a runed translucent door.
  4528 | D:5      | Noticed Crazy Yiuf
  4828 | D:5      | Noticed a kobold demonologist
  4833 | D:5      | Noticed a ynoxinul
  5261 | D:5      | Reached skill level 5 in Fighting
  5265 | D:5      | Learned a level 3 spell: Ozocubu's Armour
  5392 | D:5      | Reached * piety under Elyvilon
  5487 | D:5      | Found Fal Ipn's Antique Weapon Emporium.
  5596 | D:5      | Reached XP level 8. HP: 41/84 MP: 3/12
  6219 | D:6      | Found a staircase to the Ecumenical Temple.
  6231 | D:6      | Noticed Pikel
  6341 | D:5      | Noticed a red devil
  6407 | D:5      | Noticed a hellwing
  6413 | D:4      | Noticed a red devil
  6423 | D:4      | Noticed a ynoxinul
  6423 | D:4      | Killed a kobold demonologist
  6773 | D:5      | Found a shimmering blue altar of Sif Muna.
  6780 | D:5      | Got Sif Muna's Folio of the Traveller
  7029 | D:6      | Noticed 7tar4e's ghost (novice DjFE)
  7029 | D:6      | Found a runed translucent gate.
  7029 | D:6      | Found a runed translucent gate.
  7029 | D:6      | Found a runed translucent gate.
  7029 | D:6      | Reached ** piety under Elyvilon
  7030 | D:6      | Noticed a kobold demonologist
  7326 | D:6      | Killed Pikel
  7327 | D:6      | Reached XP level 9. HP: 101/101 MP: 13/13
  7562 | D:7      | Reached skill level 1 in Invocations
  7889 | D:7      | Found Zaecebla's Self-Published Books.
  7929 | D:7      | Reached skill level 10 in Fighting
  8531 | D:7      | Noticed a kobold demonologist
  8786 | D:7      | Found a basalt altar of Yredelemnul.
  8832 | D:6      | Killed a kobold demonologist
  8833 | D:6      | Reached skill level 5 in Invocations
  9261 | D:8      | Reached XP level 10. HP: 108/110 MP: 8/15
  9342 | D:8      | Reached *** piety under Elyvilon
  9579 | D:8      | Noticed a two-headed ogre
  9638 | D:8      | Killed a two-headed ogre
 10054 | D:2      | Bought a ring of willpower for 300 gold pieces
 10373 | D:5      | Found a bloodstained altar of Trog.
 10739 | D:9      | Identified the +0 robe of Cucempaem {rElec}
 11006 | D:9      | Noticed a two-headed ogre
 11063 | D:9      | Noticed a kobold demonologist
 11123 | D:9      | Killed a kobold demonologist
 11569 | D:9      | Noticed a two-headed ogre
 12570 | D:9      | Reached skill level 1 in Summonings
 12570 | D:9      | Reached skill level 1 in Translocations
 12581 | D:9      | Reached XP level 11. HP: 113/131 MP: 8/17
 12587 | D:9      | Killed a two-headed ogre
 12588 | D:9      | Reached skill level 2 in Summonings
 12958 | D:10     | Entered Level 10 of the Dungeon
 13389 | D:9      | Killed a two-headed ogre
 13390 | D:9      | Reached skill level 15 in Fighting
 13390 | D:9      | Reached skill level 5 in Spellcasting
 13390 | D:9      | Reached skill level 3 in Summonings
 13422 | D:10     | Noticed a two-headed ogre
 13603 | D:10     | Noticed Fannar
 13627 | D:10     | Noticed a two-headed ogre
 13649 | D:10     | Killed a two-headed ogre
 14045 | D:10     | Found a staircase to the Lair.
 14069 | D:10     | Killed a two-headed ogre
 14070 | D:10     | Reached skill level 4 in Summonings
 14643 | Lair:1   | Entered Level 1 of the Lair of Beasts
 14654 | Lair:1   | Reached skill level 5 in Summonings
 14655 | Lair:1   | Reached skill level 5 in Translocations
 14849 | Lair:1   | Reached XP level 12. HP: 141/141 MP: 11/21
 14956 | Lair:1   | Reached skill level 7 in Summonings
 14956 | Lair:1   | Reached XP level 13. HP: 149/149 MP: 22/22
 15182 | Lair:1   | Reached skill level 8 in Summonings
 16278 | Lair:2   | Reached **** piety under Elyvilon
 16374 | Lair:2   | Found a hole to the Spider Nest.
 17181 | Lair:2   | Noticed Maggie
 17194 | Lair:2   | Killed Maggie
 17195 | Lair:2   | Reached skill level 9 in Summonings
 17654 | Lair:2   | Reached skill level 10 in Spellcasting
 17973 | Lair:3   | Reached skill level 10 in Summonings
 18353 | Lair:3   | Found a staircase to the Shoals.
 18435 | Lair:3   | Reached XP level 14. HP: 157/159 MP: 18/28
 18660 | Lair:3   | Reached skill level 11 in Summonings
 18831 | Lair:3   | Noticed Kirke
 18838 | Lair:3   | Killed Kirke
 19337 | Lair:3   | Reached skill level 12 in Summonings
 20304 | Lair:4   | Noticed Sonja
 20305 | Lair:4   | Sonja changed into Sonja the crocodile
 20305 | Lair:4   | Noticed Sonja
 20319 | Lair:4   | Killed Sonja the crocodile
 20644 | Lair:4   | Found a staircase to the Slime Pits.
 21221 | Lair:5   | Entered Level 5 of the Lair of Beasts
 21238 | Lair:5   | Reached skill level 10 in Invocations
 21338 | Lair:5   | Reached skill level 13 in Summonings
 22595 | D:7      | Bought Acanthus's Atlas of the Lunargent Thorn for 660 gold
                  | pieces
 22601 | D:7      | Learned a level 5 spell: Summon Forest
 22608 | D:7      | Learned a level 6 spell: Summon Cactus Giant
 22755 | D:10     | Killed Fannar
 23268 | Lair:5   | Reached XP level 15. HP: 167/167 MP: 19/30
 23995 | Lair:5   | Identified the +10 rapier of the Lumpy Youths {protect,
                  | Dex+6}
 24708 | D:5      | Killed Crazy Yiuf
 25926 | D:11     | Noticed Erica
 25938 | D:11     | Killed Erica
 26012 | D:11     | Noticed Harold
 26025 | D:11     | Killed Harold
 26404 | D:11     | Noticed Psyche
 26409 | D:11     | Killed Psyche
 26410 | D:11     | Reached skill level 14 in Summonings
 26486 | D:11     | Found a staircase to the Orcish Mines.
 27031 | D:12     | Found a sacrificial altar of Ru.
 27537 | D:12     | Learned a level 4 spell: Summon Lightning Spire
 28120 | D:12     | Found an opulent altar of Gozag.
 28136 | D:12     | Reached ***** piety under Elyvilon
 28512 | D:13     | Noticed Vext's ghost (journeyman SpEn)
 28532 | D:13     | Found a runed translucent gate.
 28532 | D:13     | Found a runed translucent gate.
 28532 | D:13     | Found a runed translucent gate.
 28975 | D:13     | Identified the ring of Recklessness {rPois Int+5 Dex+6}
 29405 | D:13     | Reached skill level 15 in Summonings
 29839 | D:13     | Found a gate to the Vaults.
 30376 | D:14     | Reached skill level 5 in Dodging
 30677 | D:14     | Reached XP level 16. HP: 176/176 MP: 21/32
 30774 | D:14     | Noticed Josephine
 30788 | D:14     | Killed Josephine
 31675 | Orc:1    | Entered Level 1 of the Orcish Mines
 31804 | Orc:1    | Found a shimmering altar of Xom.
 32017 | Orc:2    | Entered Level 2 of the Orcish Mines
 32017 | Orc:2    | Found a staircase to the Elven Halls.
 32682 | Orc:2    | Found Zuomm's General Store.
 32682 | Orc:2    | Found Xumucocs's Weapon Shoppe.
 32682 | Orc:2    | Found Acaylaugg's Antique Armour Shoppe.
 32725 | Orc:2    | Found Tayseam's Magic Scroll Emporium.
 32870 | Orc:2    | Bought a potion of heal wounds for 70 gold pieces
 32870 | Orc:2    | Bought a scroll of teleportation for 42 gold pieces
 32870 | Orc:2    | Bought a potion of curing for 42 gold pieces
 32870 | Orc:2    | Bought a scroll of butterflies for 56 gold pieces
 33242 | Orc:2    | Found Heisan's Weapon Shop.
 34157 | Orc:2    | Reached ****** piety under Elyvilon
 34680 | Orc:2    | Bought 3 scrolls of teleportation for 90 gold pieces
 34680 | Orc:2    | Bought a scroll of teleportation for 30 gold pieces
 34830 | D:5      | Bought a scorched spear for 176 gold pieces
 34830 | D:5      | Identified the +0 spear of the Thing {vamp, rN+} (You
                  | bought it in a shop on level 5 of the Dungeon)
 34830 | D:5      | Bought a jewelled spear for 176 gold pieces
 34830 | D:5      | Identified the +1 spear of Blood-Lust {speed, *Noise rPois
                  | rC+ Int+9} (You bought it in a shop on level 5 of the
                  | Dungeon)
 35109 | D:15     | Entered Level 15 of the Dungeon
 35163 | D:15     | Found Zuculack's Antique Weapon Shop.
 35212 | D:15     | Reached skill level 1 in Polearms
 35808 | D:15     | Found a staircase to the Depths.
 36590 | Spider:1 | Entered Level 1 of the Spider Nest
 36669 | Spider:1 | Reached skill level 5 in Polearms
 37055 | Spider:1 | Reached XP level 17. HP: 193/193 MP: 24/33
 38595 | Spider:2 | Reached skill level 16 in Summonings
 39918 | Spider:3 | Learned a level 2 spell: Blink
 40295 | Spider:3 | Identified the +4 robe of the Lich-sworn {*Slow Str+2
                  | Slay+4 Archmagi}
 40298 | Spider:3 | Identified the -2 robe "Licucit" {-Tele Dex+4}
 40410 | Spider:3 | Identified the +2 broad axe of the Thoughtful Nights
                  | {heavy, Fly rElec Str-3 Int+5}
 40609 | Spider:4 | Entered Level 4 of the Spider Nest
 41052 | Shoals:1 | Entered Level 1 of the Shoals
 41117 | Shoals:1 | Noticed a kraken
 41127 | Shoals:1 | Killed a kraken
 41128 | Shoals:1 | Reached skill level 17 in Summonings
 41304 | Shoals:1 | Found a runed translucent door.
 41309 | Shoals:1 | Noticed Amaterasu's ghost (adept GrIE)
 41490 | Shoals:1 | Killed Amaterasu's ghost
 41611 | Shoals:1 | Identified the ring of Doaxt {Fly rPois rN++}
 41613 | Shoals:1 | Got the Vellum of Underground Synthesis
 42750 | Shoals:2 | Noticed Ilsuiw
 42761 | Shoals:2 | Killed Ilsuiw
 43022 | Shoals:2 | Noticed Louise
 43038 | Shoals:2 | Killed Louise
 43148 | Shoals:2 | Reached skill level 18 in Summonings
 43402 | Shoals:2 | Noticed Roxanne
 43886 | Shoals:3 | Noticed Polyphemus
 43960 | Shoals:3 | Reached XP level 18. HP: 148/204 MP: 24/34
 44578 | Shoals:3 | Killed Polyphemus
 45093 | Shoals:4 | Entered Level 4 of the Shoals
 45187 | Shoals:4 | Found a flickering gateway to a bazaar.
 45197 | Bazaar   | Entered a bazaar
 45226 | Bazaar   | Found Lerix's Book Emporium.
 45227 | Bazaar   | Found Riyhiel's Antique Armour Boutique.
 45264 | Bazaar   | Found Xydoer's Jewellery Shoppe.
 45272 | Bazaar   | Found Kargh's Armour Shop.
 46844 | Shoals:4 | Found Gaklaesa's Jewellery Shop.
 47057 | Shoals:4 | Reached skill level 5 in Evocations
 47454 | Shoals:4 | Identified the +0 flail "Lolalaes" {heavy, Will+ Str+4}
 47482 | Shoals:4 | Got a barnacled rune of Zot
 48331 | Spider:4 | Learned a level 7 spell: Summon Hydra
 49091 | Spider:4 | Reached XP level 19. HP: 217/217 MP: 15/36
 50134 | Spider:4 | Got the Volume of Ashes and Bad Luck
 50941 | Spider:4 | Reached skill level 19 in Summonings
 51300 | Spider:4 | Got a gossamer rune of Zot
 52007 | Shoals:2 | Killed Roxanne
 52229 | Vaults:1 | Entered Level 1 of the Vaults
 52308 | Vaults:1 | Reached skill level 1 in Shapeshifting
 53105 | Elf:1    | Entered Level 1 of the Elven Halls
 53126 | Elf:1    | Reached skill level 5 in Shapeshifting
 53463 | Elf:1    | Noticed Agnes
 53470 | Elf:1    | Killed Agnes
 54800 | Elf:2    | Paralysed by an air elemental for 1 turns
 55320 | Elf:2    | Reached XP level 20. HP: 228/228 MP: 31/38
 56465 | Elf:2    | Found a runed translucent gate.
 56466 | Elf:2    | Found a runed translucent gate.
 56466 | Elf:2    | Found a runed translucent gate.
 56490 | Elf:2    | Paralysed by an air elemental for 1 turns
 56874 | Elf:2    | Reached skill level 10 in Shapeshifting
 57047 | Elf:3    | Entered Level 3 of the Elven Halls
 57147 | Elf:3    | Found the +8 longbow "Zephyr" {speed, Dex+3 SInv}
 57689 | Elf:3    | Found Ofokk's Antique Weapon Shoppe.
 58639 | Elf:3    | Identified the ring of Anuodila {Fly Int+2}
 59030 | Elf:3    | Identified the +11 great sword of the Skies Above {speed,
                  | rF++}
 59030 | Elf:3    | Identified the ring "Xoamotue" {rPois rN+ EV+5 Str-2 Int+3}
 59526 | Elf:3    | Identified the ring of the Heavens {rN+ EV+5 Stlth+}
 60124 | Elf:3    | Identified the +6 spear "Episs" {flame, ^Fragile rF+ Dex+2
                  | Stlth+}
 60520 | Elf:3    | Identified the +4 quarterstaff "Dasemow" {heavy, Str+2}
 60906 | Elf:3    | Identified the staff of Prudence {Int+4 Earth}
 60933 | Elf:3    | Identified the staff of the Tired Runes {+Blink rN+ Will-
                  | SInv Stlth+ Necro}
 60937 | Elf:3    | Identified the staff of Codavast {Int+7 Dex-5 Conj}
 61450 | D:13     | Reached XP level 21. HP: 184/237 MP: 23/39
 62288 | Vaults:1 | Identified the serpent talisman of Indemnity {Stlth+}
 62288 | Vaults:1 | Noticed Aizul
 62294 | Vaults:1 | Killed Aizul
 62518 | Vaults:1 | You fall into a shaft and drop 1 floor!
 62520 | Vaults:2 | Found the +27 heavy crossbow "Sniper" {heavy, Acc+∞ SInv}
 62729 | Vaults:2 | Found Otoujuho's Assorted Antiques.
 62774 | Vaults:2 | Reached skill level 15 in Shapeshifting
 63837 | Vaults:2 | Bought a scroll of fear for 84 gold pieces
 64239 | Vaults:2 | Learned a level 9 spell: Dragon's Call
 64421 | Vaults:2 | Found Donwes's Magic Scroll Shoppe.
 64433 | Vaults:2 | Bought a scroll of fear for 64 gold pieces
 64433 | Vaults:2 | Bought a scroll of blinking for 120 gold pieces
 64433 | Vaults:2 | Bought a scroll of blinking for 120 gold pieces
 64763 | Vaults:2 | Found Wifa Hiy's Weapon Boutique.
 65417 | Vaults:2 | Found Cakast's Weapon Shop.
 65805 | Vaults:3 | Reached skill level 15 in Spellcasting
 66115 | Vaults:3 | Identified the +6 great mace of Guohomet {pain, Will+}
 66350 | Vaults:3 | Reached XP level 22. HP: 247/247 MP: 22/41
 67216 | Vaults:3 | Reached skill level 20 in Summonings
 67643 | Vaults:3 | Found a staircase to the Crypt.
 69086 | Vaults:4 | Reached skill level 21 in Summonings
 69893 | Depths:1 | Entered Level 1 of the Depths
 69940 | Depths:1 | Found a one-way gate to the infinite horrors of the Abyss.
 69941 | Depths:1 | Found a runed translucent door.
 70071 | Depths:1 | Noticed a dread lich
 70075 | Depths:1 | Noticed Amikeex's ghost (adept TrMo)
 70081 | Depths:1 | Found a runed translucent door.
 70208 | Depths:1 | Found a one-way gateway to a ziggurat.
 70489 | Depths:1 | Found an opulent altar of Gozag.
 70809 | Depths:1 | Found a gateway to Hell.
 71202 | Depths:2 | Found a bloodstained altar of Trog.
 71257 | Depths:2 | Reached skill level 22 in Summonings
 71259 | Depths:2 | Reached XP level 23. HP: 254/254 MP: 17/43
 72121 | Depths:2 | Found a one-way gate leading to the halls of Pandemonium.
 72863 | Depths:3 | Noticed a juggernaut
 72877 | Depths:3 | Killed a juggernaut
 72879 | Depths:3 | Noticed a golden dragon
 72884 | Depths:3 | Pacified a golden dragon
 72891 | Depths:3 | Killed a golden dragon
 72993 | Depths:3 | Noticed Sojobo
 72998 | Depths:3 | Killed Sojobo
 73003 | Depths:3 | Reached skill level 23 in Summonings
 73258 | Depths:3 | Noticed a golden dragon
 73273 | Depths:3 | Killed a golden dragon
 73455 | Depths:3 | Got the Precepts of Grounded Conflagration
 73589 | Depths:3 | Found a shimmering blue altar of Sif Muna.
 73599 | Depths:3 | Identified the amulet "Cuudet" {RegenMP rF+}
 73952 | Depths:3 | Identified the +7 trident "Viuzxoa" {flame, Str+2}
 74029 | Depths:3 | Identified the +0 pair of gloves of the Forest {rN+ Dex+3}
 74123 | Depths:3 | Found a glowing silver altar of Zin.
 74200 | Depths:3 | Reached skill level 24 in Summonings
 74656 | Depths:4 | Entered Level 4 of the Depths
 74945 | Depths:4 | Reached skill level 25 in Summonings
 75001 | Depths:4 | Identified the +1 war axe "Rosepiosm" {protect, rPois}
 75100 | Depths:4 | Reached XP level 24. HP: 265/265 MP: 29/43
 75471 | Depths:4 | Found a gate to the Realm of Zot.
 75517 | Depths:4 | Identified the +1 orcbow "Hetaisal" {flame, rElec Int+2
                  | Dex+6}
 76071 | Vaults:5 | Entered Level 5 of the Vaults
 76072 | Vaults:5 | Found the +3 hat of Pondering {ponderous, Will+ MP+10
                  | Int+5}
 76082 | Vaults:5 | Reached skill level 1 in Shields
 76165 | Vaults:5 | Got a silver rune of Zot
 76177 | Vaults:5 | Reached skill level 5 in Shields
 76367 | Vaults:5 | Identified the +4 robe "Rauton" {rElec rCorr}
 76368 | Vaults:5 | Identified the staff "Zyduliz" {^Fragile rF+ Str-3 Hexes
                  | Fire Air}
 76457 | Vaults:5 | Identified the ring "Gerugiru" {Str+3 Dex+6}
 76635 | Vaults:5 | Noticed a dread lich
 76644 | Vaults:5 | Killed a dread lich
 76645 | Vaults:5 | Reached XP level 25. HP: 273/273 MP: 31/45
 76647 | Vaults:5 | Reached skill level 10 in Shields
 76698 | Vaults:5 | Identified the ring of Red Wine {Will+ EV+5}
 76988 | Vaults:5 | Reached skill level 1 in Conjurations
 77000 | Vaults:5 | Reached skill level 1 in Earth Magic
 77241 | Vaults:5 | Identified the +4 falchion of Kismet {venom, rN+}
 77279 | Vaults:5 | Identified the +1 robe of Esop {Str+3}
 77293 | Vaults:5 | Identified the +3 spear of Onimeuf {freeze, Str+5}
 77646 | Slime:1  | Entered Level 1 of the Pits of Slime
 77848 | Slime:5  | Entered Level 5 of the Pits of Slime
 77916 | Slime:5  | Learned a level 4 spell: Passage of Golubria
 77926 | Slime:5  | Learned a level 6 spell: Bombard
 77934 | Slime:5  | Learned a level 7 spell: Spellforged Servitor
 78067 | Slime:5  | Found the +10 dark maul {heavy}
 78130 | Slime:5  | Noticed the Royal Jelly
 78146 | Slime:5  | Killed the Royal Jelly
 78185 | Slime:5  | Identified the amulet of Ogamacek {Acrobat Int+2 Dex+2}
 78186 | Slime:5  | Identified the amulet "Xiquckes" {Acrobat -Tele Harm rPois
                  | Regen+}
 78212 | Slime:5  | Reached XP level 26. HP: 283/283 MP: 45/45
 78215 | Slime:5  | Got a slimy rune of Zot
 78562 | Depths:1 | Voluntarily entered the Abyss.
 78562 | Abyss:1  | Found a corrupted altar of Lugonu.
 78765 | Abyss:3  | Paralysed by accursed screaming for 1 turns
 78785 | Abyss:3  | Reached skill level 10 in Dodging
 78819 | Abyss:3  | Reached skill level 5 in Earth Magic
 78823 | Abyss:3  | Reached skill level 5 in Conjurations
 78833 | Abyss:3  | Got an abyssal rune of Zot
 78851 | Depths:1 | Escaped the Abyss
 78995 | Orc:2    | Bought a scroll of revelation for 105 gold pieces
 78995 | Orc:2    | Bought a scroll of enchant armour for 105 gold pieces
 79256 | Zot:1    | Entered Level 1 of the Realm of Zot
 79761 | Zot:5    | Entered Level 5 of the Realm of Zot
 79778 | Zot:5    | Reached XP level 27. HP: 291/291 MP: 46/46
 80111 | Zot:5    | Noticed an ancient lich
 80111 | Zot:5    | Noticed an orb of fire
 80113 | Zot:5    | Noticed an orb of fire
 80121 | Zot:5    | Killed an orb of fire
 80125 | Zot:5    | Noticed an orb of fire
 80125 | Zot:5    | Killed an ancient lich
 80131 | Zot:5    | Noticed an orb of fire
 80132 | Zot:5    | Noticed an orb of fire
 80169 | Zot:5    | Got the Orb of Zot
 80198 | Zot:5    | Gained mutation: You are clumsy. (Dex -2) [an orb of fire]
 80200 | Zot:5    | Gained mutation: Your health recovers twice as slowly from
                  | being drained. [an orb of fire]
 80202 | Zot:5    | Gained mutation: You are weak. (Str -2) [an orb of fire]
 80202 | Zot:5    | Gained mutation: You occasionally lose the ability to read
                  | scrolls when taking damage. [an orb of fire]
 80230 | Zot:3    | Lost mutation: You occasionally lose the ability to read
                  | scrolls when taking damage. [potion of mutation]
 80230 | Zot:3    | Lost mutation: You are weak. (Str -2) [potion of mutation]
 80230 | Zot:3    | Gained mutation: You passively map a small area around you.
                  | [potion of mutation]
 80230 | Zot:3    | Gained mutation: You have an increased reservoir of magic.
                  | (+10% MP) [potion of mutation]
 80341 | Depths:4 | Noticed Jobiwy the pandemonium lord
 80349 | Depths:4 | Killed Jobiwy the pandemonium lord
 80686 | D:5      | Noticed a seraph
 80740 | D:1      | Gained mutation: You occasionally shout uncontrollably at
                  | your foes. [a cacodemon]
 80762 | D:$      | Escaped with the Orb!

Illustrated notes

Levels and vault maps discovered:
D:1:      psy_arrival_radial01, layout_basic, minmay_tetromino_t4
D:2:      layout_loops_ring, serial_shops,
          nicolae_shop_temple_entry_statues_fountains
D:3:      layout_rooms, slow_altar_2, glass_columns_c
D:4:      layout_loops_corners, nicolae_hepliaklqana_ecumenical_no_more,
          minmay_fractal_squares_diagonal_5
D:5:      layout_gridville, nzn_overflow_gifts_of_might_and_magic,
          mainiacjoe_overflow_alcove_3, serial_shops,
          nicolae_shop_pleasant_corner_grove, dreamdust_wishing_well,
          minmay_manual_mail, uniq_crazy_yiuf_cottage
D:6:      layout_rooms, minmay_temple_entry_ruins,
          gammafunk_ghost_nasty_kobolds, uniq_pikel
D:7:      layout_loops_cross, yredelemnul_altar_generic, grunt_decor_junction,
          nicolae_custom_books
D:8:      layout_cave_pools, grunt_decor_arrowhead
D:9:      nzn_winding_woodlands_small [nzn_winding_woodlands_5x15_pool,
          nzn_winding_woodlands_center_pierced_h,
          nzn_winding_woodlands_5x15_crooked], layout_layer_cave, minivault_7
D:10:     layout_gridville, erik_lair_island, uniq_fannar
D:11:     layout_irregular_city, david_orc_2, minivault_24, sword_in_stone,
          uniq_psyche
D:12:     layout_stronghold, hangedman_feature_mirror
D:13:     layout_basic, hellmonk_vaults_keyhole, maelrawn_ghost_gauntlet_escape,
          special_room [special_room_orc]
D:14:     layout_stronghold, grunt_decor_mini_mirrors, uniq_josephine
D:15:     grunt_enter_depths_giant_problem, layout_stronghold,
          nicolae_benzene_ring, serial_shops, nicolae_shop_advertising_works
          [nicolae_subvault_shop_adworks]
Lair:1:   layout_gridlike, st_stairs_3
Lair:2:   layout_regular_city, spider_nest_entry_rubble, uniq_maggie
Lair:3:   layout_hall_layers, minmay_shoals_entry_beasts, uniq_kirke
Lair:4:   layout_long_grid, dpeg_slime_entry_corner, uniq_sonja
Lair:5:   gammafunk_lair_ancient_temple, layout_regular_city
Shoals:1: layout_shoals, ebering_ghost_reflecting_pool
Shoals:2: layout_shoals, uniq_roxanne, uniq_ilsuiw, uniq_louise
Shoals:3: layout_shoals, uniq_polyphemus
Shoals:4: shoals_end_grunt_ice, layout_shoals, serial_shops, bzr_entry_islet,
          nicolae_shop_real_fake_doors
Spider:1: layout_spider_delve
Spider:2: layout_cave_pods, nicolae_spider_twisty_arc_passages
Spider:3: layout_spider_delve, hellmonk_motheaten_closet
Spider:4: floodkiller_spider_rune_tomb
Slime:1:  layout_caves
Slime:2:  layout_caves
Slime:3:  cheibrodos_slime_lost_civilization_1, layout_caves
Slime:4:  layout_caves
Slime:5:  slime_pit_nicolae_jellycorners
Orc:1:    layout_caves, basic_altar, nicolae_orc_takin'_care_of_business
Orc:2:    st_orc_mages, layout_caves, serial_shops, shop_statue,
          nicolae_orc_crystal_seam, minmay_orc_treasury
Elf:1:    eino_elf_arrival_the_gate, layout_geoelf_grid,
          kennysheep_underground_church, serial_sigils_hangedman_confine,
          uniq_agnes
Elf:2:    nicolae_elf_blades_crystal_corner, layout_geoelf_diagonals,
          uniq_azrael
Elf:3:    elf_hall, layout_gridlike, serial_shops, nicolae_shop_tiny_waterfront
Vaults:1: vaults_room_door_hall, nicolae_vaults_fighting_squares,
          vaults_room_grunt_arrival_checkpoint, dpeg_vaults_monster_box,
          nicolae_vaults_frosty_reception, nicolae_vaults_heart-shaped_vault,
          nicolae_vaults_trapezoid_lopsided_4, nicolae_vaults_trapezoid_3,
          layout_vaults_big_room, uniq_aizul
Vaults:2: v_misc_19, minmay_guarded_unrand_secular_launcher,
          hangedman_vaults_pinch, hangedman_vaults_stagger,
          nicolae_vaults_closet_pinwheel_5, ontoclasm_vaults_fault, v_misc_4,
          nicolae_vaults_gold_heap, vaults_room_corners,
          nicolae_vaults_six-pack, layout_vaults_quadrants, serial_shops,
          nicolae_shop_bloodbath_and_beyond, nicolae_shop_waterfront, shop, shop
Vaults:3: minmay_crypt_entry_vampire_xt, nicolae_vaults_network_s,
          nicolae_vaults_tetromino_Z_2, nicolae_vaults_big_angled_halls,
          nicolae_vaults_storage_closets_1, nicolae_vaults_tetromino_Z_2,
          hangedman_vaults_cutoff, nicolae_vaults_asterisk,
          nicolae_vaults_security_offices_4, layout_vaults_omnicross
Vaults:4: nicolae_vaults_variable_pillar_hall, nicolae_vaults_disjoint_gnomons,
          nicolae_vaults_network_quinsquares
          [nicolae_vaults_network_quincunx_subvault,
          nicolae_vaults_network_quincunx_subvault,
          nicolae_vaults_network_quincunx_subvault,
          nicolae_vaults_network_quincunx_subvault], ontoclasm_vaults_ligature,
          v_misc_16, nicolae_vaults_prndl, nicolae_vaults_little_squares_3,
          vaults_room_door_hall, nicolae_vaults_holding_cells,
          vaults_mumra_chevron, v_misc_14, nicolae_vaults_sightless_eye,
          nicolae_vaults_double_plus_2, nicolae_vaults_door_testing_chamber,
          layout_vaults_omnibox
Vaults:5: serial_shops
Depths:1: layout_gridlike, enter_ziggurat_a, pf_hell_entry_great_geh,
          nicolae_abyss_entry_one_way_or_another, muffindrake_ghost_dual_entry,
          minmay_misc_feat_room, nicolae_gozag_seed_capital
Depths:2: minmay_crystal_thing, layout_small_grid, grunt_pan_entry_in_and_out,
          hell_entry, minivault_21, bloody_trog, minmay_staircase_bubble
Depths:3: minmay_the_grid_octo_tiled_octocenter_mashed
          [minmay_the_grid_octo_horde, minmay_the_grid_octo_toaster,
          minmay_the_grid_octo_77, minmay_the_grid_octo_clover,
          minmay_the_grid_octo_prize_star,
          minmay_the_grid_square_5x5_misaligned, minmay_the_grid_square_5x5_c,
          minmay_the_grid_square_5x5_empty,
          minmay_the_grid_square_5x5_gyroscope], layout_honeycomb,
          hangedman_abyss_entry_splay, zin_angel, hell_entry,
          hangedman_summoners_spam, infiniplex_staircase_river, uniq_sojobo,
          uniq_margery
Depths:4: grunt_zot_entry_gee_three, layout_gridlike, grunt_mini_vestibule
Zot:1:    layout_concentric_octagons, uniq_parghit, uniq_grunn
Zot:2:    layout_concentric_octagons, st_single_dragon_hoard_2
Zot:3:    kennysheep_bubbly, layout_twisted_circle, uniq_josephina
Zot:4:    layout_twisted_circle
Zot:5:    layout_misc_corridors, nicolae_zot_crop_circle

Skill      XL: |  1  2  3  4  5  6  7  8  9 10 11 12 13 14 15 16 17 18 19 20 21 22 23 24 25 26 27 |
---------------+----------------------------------------------------------------------------------+-----
Fighting       | 2 3 4 6 9 10 14 15 18 19 20 | 20.0
Evocations     | 3 5 6 |  6.9
Stealth        | 1 2 |  2.0
Ice Magic      | 1 3 4 5 6 |  6.0
Spellcasting   | 3 4 6 10 11 12 13 14 15 16 18 19 | 19.9
Ranged Weapons | 3 4 |  4.0
Invocations    | 7 9 10 12 | 12.0
Summonings     | 1 5 7 10 13 15 18 19 22 25 | 25.0
Translocations | 1 5 7 |  7.0
Dodging        | 6 8 9 10 11 | 11.8
Polearms       | 8 |  8.0
Shapeshifting  | 7 13 16 | 16.0
Shields        | 9 10 11 12 | 12.0
Conjurations   | 4 6 8 |  8.0
Earth Magic    | 4 6 8 |  8.0

Action                     |  1- 3 |  4- 6 |  7- 9 | 10-12 | 13-15 | 16-18 | 19-21 | 22-24 | 25-27 || total
---------------------------+-------+-------+-------+-------+-------+-------+-------+-------+-------++-------
  Melee: Spear             |    85 |    71 |       |       |       |   516 |   131 |   245 |    54 ||  1102
         Club              |    11 |       |       |       |       |       |       |       |       ||    11
         Headbutt          |    11 |    12 |       |       |    27 |   141 |    43 |    80 |    20 ||   334
         Punch             |     2 |       |       |       |       |     4 |     1 |     3 |       ||    10
         Rapier            |       |       |       |       |    76 |    63 |       |       |       ||   139
   Fire: Sling             |       |    46 |   375 |   483 |   964 |       |       |       |       ||  1868
  Throw: Large rock        |     7 |     7 |     6 |     2 |     2 |     4 |     3 |     3 |       ||    34
         Boomerang         |       |     1 |       |       |       |       |       |       |       ||     1
         Throwing net      |       |       |       |     2 |       |       |       |     1 |       ||     3
         Dart              |       |       |       |       |     5 |     1 |     2 |       |       ||     8
   Cast: Frozen Ramparts   |       |     4 |    37 |    44 |   110 |       |       |       |       ||   195
         Ozocubu's Armour  |       |       |    18 |    31 |    64 |     3 |       |       |       ||   116
         Summon Cactus Gia |       |       |       |       |    66 |   180 |    77 |    19 |     3 ||   345
         Summon Forest     |       |       |       |       |    56 |   149 |    99 |    42 |    10 ||   356
         Summon Lightning  |       |       |       |       |    10 |    54 |     8 |     2 |       ||    74
         Summon Hydra      |       |       |       |       |       |    10 |   328 |   172 |    36 ||   546
         Blink             |       |       |       |       |       |       |     1 |     4 |     1 ||     6
         Dragon's Call     |       |       |       |       |       |       |       |    32 |    31 ||    63
         Passage of Golubr |       |       |       |       |       |       |       |       |     7 ||     7
         Spellforged Servi |       |       |       |       |       |       |       |       |     9 ||     9
         Bombard           |       |       |       |       |       |       |       |       |    30 ||    30
 Invoke: Purification      |       |       |     1 |     2 |     1 |     4 |       |       |       ||     8
         Heal Other        |       |       |       |    17 |    45 |    46 |     4 |     4 |     1 ||   117
         Heal Self         |       |       |       |     1 |     2 |     5 |     2 |     2 |     1 ||    13
         Divine Vigour     |       |       |       |       |       |       |       |     1 |     2 ||     3
  Evoke: Wand              |     5 |     6 |    11 |    16 |    12 |    19 |    15 |     6 |    17 ||   107
         Phial of floods   |       |       |       |       |       |     1 |     1 |     1 |       ||     3
         Phantom mirror    |       |       |       |       |       |       |     2 |       |       ||     2
         Lightning rod     |       |       |       |       |       |       |       |     7 |     4 ||    11
    Use: Potion            |     1 |     3 |       |     2 |       |     4 |     5 |     3 |    16 ||    34
         Scroll            |     4 |     2 |     7 |    10 |    15 |     9 |     9 |     6 |    13 ||    75
   Stab: Sleeping          |       |     4 |       |       |       |       |       |     1 |       ||     5
         Distracted        |       |     1 |       |       |     2 |    13 |     7 |    18 |     3 ||    44
 Armour: Robe              |    53 |    68 |   149 |   131 |       |       |       |       |       ||   401
         Troll leather arm |       |       |       |   133 |   112 |   402 |   207 |       |       ||   854
         Swamp dragon scal |       |       |       |       |   447 |       |       |       |       ||   447
         Skin              |       |       |       |       |       |       |   199 |   511 |   153 ||   863
  Dodge: Dodged            |    45 |    27 |    89 |   211 |   672 |   411 |   264 |   270 |   122 ||  2111
  Block: Kite shield       |       |       |       |       |       |       |       |    54 |    94 ||   148
   Form: Statue            |       |       |       |       |       |       |     1 |       |       ||     1
